 Dungeon Crawl Stone Soup version 0.28-b1-25-g9875b3fc8c (webtiles) character file.

Game seed: 253941970233325136

7177 iguanaiguana the Tainter (level 11, -7/77 HPs)
             Began as an Octopode Venom Mage on Feb 2, 2022.
             Was a Priest of Kikubaaqudgha.
             Killed from afar by a manticore (20 damage)
             ... with a volley of spikes
             ... on level 10 of the Dungeon.
             The game lasted 01:03:41 (17453 turns).

iguanaiguana the Tainter (Octopode Venom Mage)     Turns: 17453, Time: 01:03:41

Health: -7/77      AC:  2    Str: 11    XL:     11   Next: 11%
Magic:  3/19       EV: 13    Int: 24    God:    Kikubaaqudgha [***...]
Gold:   274        SH:  4    Dex:  9    Spells: 5/21 levels left

rFire   . . .      SeeInvis +   a - +5 hand axe "Xeuppesch" {protect, rElec rN+ Int+3 Dex-3}
rCold   + + .      Faith    .   t - +0 buckler
rNeg    + + .      Spirit   .   I - +1 hat
rPois   .          Reflect  .   l - amulet of the acrobat
rElec   +          Harm     .   u - ring of positive energy
rCorr   +          Rampage  .   G - ring "Ysoutuach" {rC++ rCorr Str+2 SInv Stlth+}
Will    .....                   (no ring)
Stlth   +++++.....              (no ring)
HPRegen 0.22/turn               (no ring)
MPRegen 0.16/turn               (no ring)
                                (no ring)
                                (no ring)

@: spiked, invisible
A: almost no armour, amphibious, 8 rings, camouflage 1, gelatinous body 1,
(nimble swimmer 1), tentacles
a: Renounce Religion, Receive Corpses


You were on level 10 of the Dungeon.
You worshipped Kikubaaqudgha.
Kikubaaqudgha was most pleased with you.
You visited 1 branch of the dungeon, and saw 10 of its levels.

You collected 660 gold pieces.
You spent 386 gold pieces at shops.

Inventory:

Hand Weapons
 a - the +5 hand axe "Xeuppesch" (weapon) {protect, rElec rN+ Int+3 Dex-3}
   (You found it on level 5 of the Dungeon)

   It grants its wielder temporary protection when it strikes (+7 to AC).
   Int:       It affects your intelligence (+3).
   Dex:       It affects your dexterity (-3).
   rElec:     It insulates you from electricity.
   rN:        It protects you from negative energy.
 b - a +0 shortbow
 v - a +1 rapier of venom
Missiles
 g - 72 sling bullets
 q - 339 stones (quivered)
 s - 178 arrows
 w - a throwing net
Armour
 t - a +0 buckler (worn)
 I - a +1 hat (worn)
Magical Staves
 C - a staff of cold
Jewellery
 c - a ring of ice
 l - an amulet of the acrobat (around mantle)
 u - a ring of positive energy (left tentacle)
 G - the ring "Ysoutuach" (right tentacle) {rC++ rCorr Str+2 SInv Stlth+}
   (You bought it in a shop on level 6 of the Dungeon)

   [ring of resist corrosion]

   Str:       It affects your strength (+2).
   rC:        It greatly protects you from cold.
   SInv:      It lets you see invisible.
   rCorr:     It protects you from acid and corrosion.
   Stlth:     It makes you more stealthy.
Wands
 B - a wand of iceblast (19)
 D - a wand of mindburst (18)
 F - a wand of flame (20)
 H - a wand of polymorph (8)
Scrolls
 e - 2 scrolls of vulnerability
 f - 2 scrolls of holy word
 i - 2 scrolls of blinking
 j - a scroll of teleportation {unknown}
 m - 2 scrolls of enchant weapon {unknown}
 o - 2 scrolls of amnesia
 p - 2 scrolls of enchant armour
 r - a scroll of summoning {unknown}
 y - a scroll of silence {unknown}
 z - a scroll of magic mapping {unknown}
 A - a scroll of immolation
Potions
 d - a potion of mutation
 h - a potion of degeneration
 k - a potion of curing
 x - a potion of flight
 E - 2 potions of brilliance


   Skills:
 + Level 8.2 Fighting
 + Level 4.0 Dodging
 + Level 5.6 Stealth
 * Level 3.1 Shields
 + Level 5.8 Spellcasting
 - Level 4.0 Conjurations
 * Level 4.0 Necromancy
 - Level 4.0 Translocations
 - Level 1.0 Transmutations
 - Level 5.0 Air Magic
 - Level 10.0 Poison Magic


You had 5 spell levels left.
You knew the following spells:

 Your Spells              Type           Power      Damage    Failure   Level
a - Sting                 Tmut/Pois      100%       1d8       1%          1
b - Poisonous Vapours     Pois/Air       86%        N/A       1%          2
c - Mephitic Cloud        Conj/Pois/Air  37%        N/A       2%          3
d - Swiftness             Air            31%        N/A       4%          3
e - Shock                 Conj/Air       100%       1d9       1%          1
f - Olgreb's Toxic Radia  Pois           53%        N/A       1%          4
g - Blink                 Tloc           52%        N/A       3%          2

Your spell library contained the following spells:

 Spells                   Type           Power      Damage    Failure   Level
 Animate Skeleton         Necr           52%        N/A       1%          1
 Pain                     Necr           100%       1d9       1%          1
 Corpse Rot               Necr/Air       56%        N/A       2%          2
 Sublimation of Blood     Necr           26%        N/A       3%          2
 Gell's Gravitas          Tloc           26%        N/A       6%          3
 Lesser Beckoning         Tloc           26%        N/A       6%          3
 Teleport Other           Tloc           26%        N/A       6%          3
 Wereblood                Tmut           11%        N/A       11%         2
 Airstrike                Air            15%        N/A       13%         4
 Animate Dead             Necr           13%        N/A       21%         4
 Dispel Undead            Necr           26%        3d13      21%         4
 Anguish                  Hex/Necr       8%         N/A       43%         4
 Manifold Assault         Tloc           26%        N/A       50%         5
 Borgnjor's Vile Clutch   Necr/Erth      8%         N/A       78%         5
 Death Channel            Necr           13%        N/A       97%         6
 Dispersal                Tloc           13%        N/A       97%         6
 Simulacrum               Ice/Necr       8%         N/A       100%        6
 Dragon Form              Tmut           5%         N/A       100%        7
 Haunt                    Necr/Summ      8%         N/A       100%        7
 Summon Hydra             Summ           3%         N/A       100%        7


Dungeon Overview and Level Annotations

Branches:
Dungeon (10/15)            Temple (0/1) D:7
   Lair: D:8-11         Orc: D:9-12

Altars:
Kikubaaqudgha

Shops:
D:4 ??(=[   D:6 **[!   D:8 (   D:10 [

Annotations:
D:1 exclusion: downstairs
D:3 1 runed translucent door, Crazy Yiuf


Innate Abilities, Weirdness & Mutations

You cannot wear most types of armour.
You are amphibious.
You can wear up to eight rings at the same time.
Your skin changes colour to match your surroundings (Stealth+).
Your rubbery body absorbs attacks. (AC +1, EV +1)
((You are camouflaged when in or above water. (Stealth+)))
You have tentacles for arms and can constrict up to eight enemies at once.


Message History

The manticore claws you but does no damage.
The manticore misses you.
You hit the manticore.
The manticore is severely wounded.
The manticore misses you. The manticore completely misses you.
The manticore misses you.
You barely miss the manticore.
The manticore is severely wounded.
The manticore bites you! The manticore claws you. x2
You hit the manticore but do no damage.
The manticore is severely wounded.
The manticore bites you! The manticore misses you. x2
You strike the helpless manticore from behind!
You hit the manticore but do no damage. You squeeze the manticore.
The manticore is severely wounded.
You hit the manticore but do no damage.
The manticore is severely wounded.
The manticore seems less confused.
The manticore closely misses you.
The manticore claws you but does no damage.
The manticore claws you. The manticore bites you!!
You block the manticore's attack. The manticore closely misses you.
Casting: Poisonous Vapours (safe; 1% risk of failure)
Confirm with . or Enter, or press ? or * to list all spells.
Aiming: Mephitic Cloud (mildly dangerous; 2% risk of failure)
Press: ? - help, Shift-Dir - straight line, p - manticore The ball explodes into a vile cloud!
The stinking cloud engulfs the manticore but does no damage.
The manticore is severely wounded.
The manticore bites you!
* * * LOW HITPOINT WARNING * * *
The manticore closely misses you. The manticore claws you.
* * * LOW HITPOINT WARNING * * *
The manticore flicks its tail.
The volley of spikes misses you.
You fade into invisibility!
The manticore flicks its tail.
The volley of spikes hits you!!
The barbed spikes become lodged in your body.
You die...
Kikubaaqudgha rasps: "You have failed me!
Welcome... death!"

..............[#......#.[.....#
...............#..............###
...................##...........#
........)......###.#..##......###
##............####....##..#...#
.....)...........#.....#.##.###
##..).#....^..................#
#..)###.......#.##.......#....#
##).#.........#.@..##...###...#
#.............†.##.#...## #...#
...............H#.....######..##
...##................## #......#
... #............##..# #..##..##
#...........####.#####.#.....
..............O...##........#
[...............###....)...#
......##........###.....†<..


You could see a manticore (very poisoned).

Vanquished Creatures
  2 two-headed ogres
  Pikel (D:6)
  2 trolls
  A meliai zombie (D:9)
  A wyvern (D:8)
  Eustachio (D:4)
  2 yaks (D:10)
  A steam dragon (D:8)
  Menkaure (D:5)
  An acid dragon (D:9)
  4 water moccasins
  Duvessa (D:5)
  2 ice beasts
  A sky beast (D:5)
  2 orc warriors
  A necrophage (D:6)
  2 ogres (D:4)
  4 centaurs
  2 lemures
  2 bullfrogs
  A gnoll sergeant (D:6)
  4 scorpions
  Dowan (D:5)
  11 killer bees
  8 wights
  4 howler monkeys
  3 electric eels
  A centaur zombie (D:9)
  4 hounds
  A bullfrog zombie (D:6)
  A jelly (D:7)
  6 orc priests
  3 iguanas
  5 orc wizards
  A scorpion zombie (D:5)
  A hound skeleton (D:4)
  A howler monkey zombie (D:10)
  Robin (D:2)
  7 gnolls
  3 adders
  A howler monkey skeleton (D:6)
  An ufetubus (D:5)
  12 dart slugs
  A worm (D:4)
  14 orcs
  6 bats
  12 endoplasms
  3 giant cockroaches
  16 goblins
  3 hobgoblins
  5 kobolds
  3 quokkas
  3 ball pythons
  4 frilled lizards
  4 rats (D:1)
189 creatures vanquished.

Vanquished Creatures (collateral kills)
  A howler monkey (D:9)
1 creature vanquished.

Vanquished Creatures (others)
  20 plants (D:8)
20 creatures vanquished.

Grand Total: 210 creatures vanquished

Notes
Turn   | Place    | Note
-------+----------+-------------------------------------------
     0 | D:1      | iguanaiguana the Octopode Venom Mage began the quest for
                  | the Orb.
     0 | D:1      | Reached XP level 1. HP: 11/11 MP: 3/3
   248 | D:1      | Reached skill level 4 in Poison Magic
   414 | D:1      | Reached XP level 2. HP: 18/18 MP: 1/5
   471 | D:1      | Learned a level 2 spell: Poisonous Vapours
   754 | D:1      | Reached skill level 1 in Fighting
  1002 | D:1      | Got the Incunabulum of Mutagenic Evil Arts
  1219 | D:2      | Found a faded altar of an unknown god.
  1229 | D:2      | Reached XP level 3. HP: 23/23 MP: 3/6
  1233 | D:2      | Learned a level 3 spell: Mephitic Cloud
  1266 | D:2      | Noticed Robin
  1874 | D:2      | You fall into a shaft and drop 1 floor!
  1978 | D:2      | Reached skill level 5 in Poison Magic
  2309 | D:2      | Reached skill level 1 in Air Magic
  2516 | D:2      | Reached XP level 4. HP: 28/28 MP: 4/7
  3114 | D:2      | Found a faded altar of an unknown god.
  3401 | D:2      | Found a faded altar of an unknown god.
  4378 | D:2      | Found a faded altar of an unknown god.
  4628 | D:2      | Killed Robin
  4799 | D:3      | Found an ancient bone altar of Kikubaaqudgha.
  4972 | D:3      | Found a runed translucent door.
  4973 | D:3      | Noticed Crazy Yiuf
  5064 | D:3      | Became a worshipper of Kikubaaqudgha
  5714 | D:3      | Reached XP level 5. HP: 34/34 MP: 4/8
  5882 | D:4      | Found Xourgh Husi's Weapon Shoppe.
  5897 | D:4      | Noticed an ogre
  6542 | D:4      | Noticed an ogre
  6592 | D:4      | Found Muli's Magic Scroll Shop.
  6633 | D:4      | Killed an ogre
  6634 | D:4      | Reached skill level 1 in Conjurations
  6634 | D:4      | Reached XP level 6. HP: 41/41 MP: 6/9
  6694 | D:4      | Bought a scroll of blinking for 105 gold pieces
  6749 | D:4      | Found Zitapiarr's Magic Scroll Boutique.
  6957 | D:4      | Found Lylibixu's Antique Armour Emporium.
  7132 | D:4      | Found Jeohiul's Jewellery Shoppe.
  7194 | D:5      | Entered Level 5 of the Dungeon
  7330 | D:5      | Noticed a sky beast
  7351 | D:5      | Killed a sky beast
  7352 | D:5      | Reached skill level 6 in Poison Magic
  7429 | D:5      | Learned a level 3 spell: Swiftness
  7455 | D:5      | Noticed Eustachio
  7457 | D:5      | Noticed Menkaure
  7489 | D:4      | Killed Eustachio
  7490 | D:4      | Reached XP level 7. HP: 21/46 MP: 1/11
  7930 | D:5      | Learned a level 1 spell: Shock
  8374 | D:5      | Reached * piety under Kikubaaqudgha
  8374 | D:5      | Received a gift from Kikubaaqudgha
  8554 | D:5      | Identified the +5 hand axe "Xeuppesch" {protect, rElec rN+
                  | Int+3 Dex-3}
  8730 | D:5      | Noticed Duvessa
  8731 | D:5      | Noticed Dowan
  8745 | D:5      | Killed Duvessa
  8747 | D:5      | Killed Dowan
  8748 | D:5      | Reached skill level 7 in Poison Magic
  8926 | D:6      | Reached XP level 8. HP: 54/54 MP: 7/12
  9554 | D:6      | Learned a level 4 spell: Olgreb's Toxic Radiance
  9853 | D:7      | Reached skill level 5 in Fighting
 10214 | D:7      | Found a staircase to the Ecumenical Temple.
 10379 | D:7      | Reached skill level 8 in Poison Magic
 11023 | D:8      | Reached XP level 9. HP: 38/62 MP: 6/15
 11503 | D:8      | Reached skill level 9 in Poison Magic
 12360 | D:8      | Found Wycorph's Antique Weapon Shop.
 12364 | D:8      | Noticed a two-headed ogre
 12399 | D:8      | Killed a two-headed ogre
 12399 | D:8      | Reached ** piety under Kikubaaqudgha
 12400 | D:8      | Reached skill level 5 in Spellcasting
 12400 | D:8      | Reached skill level 10 in Poison Magic
 12403 | D:8      | Learned a level 2 spell: Blink
 12675 | D:9      | Reached skill level 1 in Translocations
 12686 | D:9      | Reached XP level 10. HP: 71/71 MP: 9/17
 14226 | D:6      | Reached skill level 5 in Air Magic
 14269 | D:6      | Noticed Pikel
 14297 | D:5      | Reached skill level 1 in Necromancy
 14674 | D:5      | Killed Menkaure
 14894 | D:6      | Killed Pikel
 15549 | D:6      | Reached skill level 1 in Shields
 15949 | D:6      | Found Kopamaxo's Distillery.
 15953 | D:6      | Found Xeowel's General Store.
 15953 | D:6      | Found Foatt's Armour Boutique.
 15954 | D:6      | Found Peukunlup's Assorted Antiques.
 15965 | D:6      | Bought a warped pewter ring for 105 gold pieces
 15965 | D:6      | Identified the ring "Ysoutuach" {rC++ rCorr Str+2 SInv
                  | Stlth+} (You bought it in a shop on level 6 of the Dungeon)
 16860 | D:10     | Entered Level 10 of the Dungeon
 16860 | D:10     | Found Xeasolunu's Armour Shop.
 16874 | D:10     | Reached skill level 5 in Stealth
 16938 | D:10     | Bought a +1 hat for 176 gold pieces
 16984 | D:10     | Noticed a two-headed ogre
 17014 | D:10     | Killed a two-headed ogre
 17015 | D:10     | Reached XP level 11. HP: 77/77 MP: 6/19
 17425 | D:10     | Reached *** piety under Kikubaaqudgha
 17425 | D:10     | Received a gift from Kikubaaqudgha
 17432 | D:10     | Noticed a manticore
 17453 | D:10     | Killed from afar by a manticore

Illustrated notes

Levels and vault maps discovered:
D:1:      dpeg_arrival_radiant, layout_loops_cross
D:2:      layout_basic, hellmonk_ecumenical_altar_pennies_from_heaven,
          uniq_robin
D:3:      layout_basic, nicolae_kikubaaqudgha_miasma_corner, dk_noncrumbling_4,
          minmay_misc_feat_enclosed, uniq_crazy_yiuf_cottage
D:4:      layout_basic, serial_shops, shop_fountains, nicolae_shop_hallway_plus,
          nicolae_shop_behind_doors, shop, kennysheep_little_box
D:5:      layout_loops_ring, st_stairs_12, uniq_eustachio, uniq_duvessa,
          uniq_menkaure
D:6:      kennysheep_slugbush, layout_basic, minmay_shop_grid_forest, uniq_pikel
D:7:      layout_cave_pools, minmay_temple_entry_glass, serial_column_ruins,
          column_ruins_grid_1, column_ruins_columns_corner,
          column_ruins_open_tiny, column_ruins_columns_dead_end,
          column_ruins_grid_4, column_ruins_columns_straight,
          column_ruins_grid_3, kennysheep_generic_room_7
D:8:      layout_cave_pools, serial_shops, shop_statue, minivault_25,
          serial_bayou_lake_a
D:9:      layout_layer_cave, kennysheep_generic_room_5
D:10:     layout_cave_pools, lair_entry_dummy, serial_shops, nicolae_shop_stone,
          minmay_nine_imps, uniq_joseph

Skill      XL: |  1  2  3  4  5  6  7  8  9 10 11 |
---------------+----------------------------------+-----
Poison Magic   | 4 5 6 7 8 10 | 10.0
Fighting       | 1 2 3 4 5 7 8 |  8.2
Air Magic      | 1 2 3 4 5 |  5.0
Conjurations   | 1 2 3 4 |  4.0
Spellcasting   | 3 4 5 |  5.8
Translocations | 1 4 |  4.0
Stealth        | 5 |  5.6
Necromancy     | 3 4 |  4.0
Dodging        | 3 4 |  4.0
Shields        | 2 3 |  3.1
Transmutations | |  1.0

Action                   |  1- 3 |  4- 6 |  7- 9 | 10-12 || total
-------------------------+-------+-------+-------+-------++-------
Melee: Dagger            |     3 |       |       |       ||     3
       Constrict         |     1 |     2 |    14 |    10 ||    27
       Tentacles         |     1 |     1 |    14 |    13 ||    29
       Quarterstaff      |     8 |     6 |       |       ||    14
       Whip              |       |     2 |     8 |       ||    10
       Hand axe          |       |       |    57 |    66 ||   123
       Rapier            |       |       |     3 |       ||     3
 Fire: Shortbow          |       |    11 |     6 |    11 ||    28
Throw: Stone             |     4 |       |       |       ||     4
 Cast: Sting             |    43 |     9 |     1 |       ||    53
       Poisonous Vapours |    15 |    55 |    88 |    64 ||   222
       Mephitic Cloud    |       |     1 |     8 |    15 ||    24
       Shock             |       |       |    54 |    22 ||    76
       Swiftness         |       |       |     2 |     1 ||     3
       Olgreb's Toxic Ra |       |       |     1 |    13 ||    14
       Blink             |       |       |       |     1 ||     1
Evoke: Wand              |       |       |       |    11 ||    11
  Use: Scroll            |       |     3 |     4 |     3 ||    10
       Potion            |       |     1 |     2 |     5 ||     8
 Stab: Sleeping          |     1 |       |       |       ||     1
       Invisible         |       |       |     1 |       ||     1
       Confused          |       |       |       |     4 ||     4
Armor: Skin              |     7 |     4 |    23 |    46 ||    80
Dodge: Dodged            |    23 |     9 |    59 |    70 ||   161
Block: Buckler           |       |       |       |     8 ||     8
